 Dungeon Crawl Stone Soup version 0.30-a0-702-gdf48620a09 (webtiles) character file.

Game seed: 15892586212212185135

116 Dartaoz the Gusty (level 5, 0/28 HPs)
             Began as a Tengu Air Elementalist on Jan 21, 2023.
             Killed by nerve-wracking pain
             ... invoked by Grinder
              (4 damage)
             ... on level 3 of the Dungeon.
             The game lasted 00:05:27 (2874 turns).

Dartaoz the Gusty (Tengu Air Elementalist)          Turns: 2874, Time: 00:05:27

Health: 0/28       AC:  4    Str:  8    XL:     5   Next: 0%
Magic:  1/9        EV: 14    Int: 17    God:
Gold:   131        SH:  0    Dex: 15    Spells: 5/8 levels left

rFire   . . .      SeeInvis .    i - +0 short sword
rCold   . . .      Faith    .    (no shield)
rNeg    . . .      Spirit   .    a - +0 robe
rPois   .          Reflect  .    r - +2 hat
rElec   .          Harm     .    (no cloak)
rCorr   .          Rampage  .    (no gloves)
Will    .....                    (boots unavailable)
Stlth   ++                       (no amulet)
HPRegen 0.24/turn                (no ring)
MPRegen 0.11/turn                (no ring)

@: flying quickly and evasively, quick
A: beak, talons 3, nimble flight
a: no special abilities


You were on level 3 of the Dungeon.
You visited 1 branch of the dungeon, and saw 3 of its levels.

You collected 131 gold pieces.

Inventory:

Hand Weapons
 i - a +0 short sword (weapon)
Armour
 a - a +0 robe (worn)
 r - a +2 hat (worn)
Jewellery
 h - an amulet of faith
 l - a ring of positive energy
Scrolls
 c - 4 scrolls of identify {unknown}
 d - 3 scrolls of torment {unknown}
 g - 3 scrolls of teleportation {unknown}
 j - a scroll of immolation {unknown}
 n - a scroll of amnesia {unknown}
 o - 2 scrolls of enchant weapon {unknown}
 p - a scroll of poison {unknown}
 q - a scroll of acquirement {unknown}
 s - a scroll of vulnerability {unknown}
 t - a scroll of noise {unknown}
Potions
 b - a potion of magic
 e - a potion of berserk rage {unknown}
 f - 2 potions of lignification {unknown}
 k - 3 potions of degeneration {unknown}
 m - 2 potions of cancellation {unknown}


   Skills:
 - Level 2.1 Dodging
 - Level 2.0 Stealth
 - Level 2.0 Spellcasting
 + Level 4.4 Conjurations
 + Level 5.8 Air Magic


You had 5 spell levels left.
You knew the following spells:

 Your Spells              Type           Power      Damage    Failure   Level
a - Shock                 Conj/Air       76%        1d7       2%          1
b - Static Discharge      Conj/Air       38%        2-4/arc   3%          2

Your spell library contained the following spells:

 Spells                   Type           Power      Damage    Failure   Level
 Swiftness                Air            21%        N/A       5%          3
 Cigotuvi's Dreadful Rot  Necr/Pois/Air  16%        N/A       13%         2
 Airstrike                Air            10%        2d(2-18)  17%         4
 Inner Flame              Hex/Fire       1%         N/A       50%         3


Dungeon Overview and Level Annotations

Branches:
Dungeon (3/15)

Altars:
Elyvilon
Fedhas

Annotations:
D:3 Grinder


Innate Abilities, Weirdness & Mutations

You have a beak for a mouth.
You have claws for feet.
Your magical nature lets you fly swiftly and evasively.


Message History

Things that are here:
a +0 hand axe of electrocution; an orc corpse Grinder shouts!
The zap misses Grinder.
The zap hits Grinder.
Grinder is lightly wounded.
Grinder blinks!
The zap misses Grinder.
The zap hits Grinder.
Grinder is lightly wounded.
The zap hits Grinder.
Grinder is lightly wounded.
The zap hits Grinder.
Grinder is moderately wounded.
Grinder hits you but does no damage.
The zap misses Grinder.
Grinder closely misses you.
The zap misses Grinder.
Grinder gestures at you. Pain shoots through your body!
Ouch! That really hurt!
You are too injured to fight recklessly!
You are too injured to fight recklessly!
Casting: Shock (safe; 2% risk of failure)
Confirm with . or Enter, or press ? or * to list all spells.
Grinder is struck by an arc of lightning.
Grinder is moderately wounded.
You are struck by an arc of lightning.
Grinder is struck by an arc of lightning.
Grinder is heavily wounded.
You are struck by an arc of lightning.
The lightning grounds out.
Grinder blinks!
Things that are here:
a +0 hand axe of electrocution; an orc corpse
Things that are here:
a +0 dagger; a +0 ring mail; an orc corpse Grinder gestures at you.
Pain shoots through your body!
* * * LOW HITPOINT WARNING * * *
Grinder gestures at you. Pain shoots through your body!
You die...

#.......# ##########
#####......#.......####........)
...........#......>(............
.#.#.#.#...#.[..................
...........#####.........######
.....⌠.....# #.###..........#
.._........ #.###.........)#
.....⌠...#######..............###
........)).5....@................
.#.#.#.#.###########..........###
.....# ###'######## ##.####
#...#)...# #
...))..###########...#....####
..>..)...)......†.......)...)†.
........###########...#########
...##### #...# # #...# #


You could see Grinder.

Vanquished Creatures
  3 gnolls (D:3)
  An adder (D:2)
  A worm (D:3)
  7 orcs (D:3)
  4 endoplasms
  5 giant cockroaches
  3 goblins
  3 hobgoblins
  8 jackals
  A quokka (D:2)
  7 ball pythons
  8 bats
  A frilled lizard (D:2)
  6 kobolds
  4 rats
62 creatures vanquished.

Notes
Turn   | Place    | Note
-------+----------+-------------------------------------------
     0 | D:1      | Dartaoz the Tengu Air Elementalist began the quest for the
                  | Orb.
     0 | D:1      | Reached XP level 1. HP: 10/10 MP: 4/4
   367 | D:1      | Reached XP level 2. HP: 15/15 MP: 3/6
   753 | D:1      | Found a faded altar of an unknown god.
  1080 | D:1      | Learned a level 2 spell: Static Discharge
  1202 | D:2      | Got the Treatise on Enchanting Turbulence
  1219 | D:2      | Reached XP level 3. HP: 19/19 MP: 4/7
  1652 | D:2      | Reached skill level 5 in Air Magic
  2145 | D:3      | Found a blossoming altar of Fedhas.
  2225 | D:3      | Reached XP level 4. HP: 24/24 MP: 6/8
  2498 | D:3      | Noticed Grinder
  2815 | D:3      | Gained mutation: Your magical nature lets you fly swiftly
                  | and evasively. [Tengu growth]
  2815 | D:3      | Reached XP level 5. HP: 28/28 MP: 4/9
  2855 | D:3      | Found a white marble altar of Elyvilon.
  2874 | D:3      | Killed from afar by Grinder

Illustrated notes

Levels and vault maps discovered:
D:1:      nicolae_arrival_washed_ashore, layout_basic,
          dreamdust_ecumenical_altar_statues
D:2:      layout_basic
D:3:      layout_basic, fedhas_altar_2, elyvilon_altar_5, uniq_grinder

Skill      XL: |  1  2  3  4 |
---------------+-------------+-----
Conjurations   | 2 3 4 |  4.4
Air Magic      | 5 |  5.8
Dodging        | |  2.1
Stealth        | |  2.0
Spellcasting   | |  2.0

Action                   |  1- 3 |  4- 6 || total
-------------------------+-------+-------++-------
Melee: Unarmed           |     3 |       ||     3
       Peck              |     2 |     2 ||     4
       Kick              |     2 |     4 ||     6
       Short sword       |     3 |     9 ||    12
       Punch             |       |     1 ||     1
 Cast: Shock             |    88 |    52 ||   140
       Static Discharge  |       |     1 ||     1
Armor: Robe              |     1 |     7 ||     8
Dodge: Dodged            |     6 |     9 ||    15

Table legend: (Time is in decaauts)
 A = Elapsed time spent in this place.
 B = Non-inter-level travel time spent in this place.
 C = Inter-level travel time spent in this place.
 D = Time resting spent in this place.
 E = Time spent auto-exploring this place.
 F = Levels seen in this place.
 G = Mean time per level.
                   A        B        C        D        E       F      G
               +--------+--------+--------+--------+--------+-----+--------+
         Total |   2872 |   2816 |     56 |     34 |   2408 |   3 |  957.3 |
       Dungeon |   2872 |   2816 |     56 |     34 |   2408 |   3 |  957.3 |
               +--------+--------+--------+--------+--------+-----+--------+

Top non-repeatable levels by time:
     D:1: 1108 daAuts
     D:2: 906 daAuts
     D:3: 857 daAuts
